 Dungeon Crawl Stone Soup version 0.19.0-19-g8c6edcc (webtiles) character file.

2371 Gargoyl the Agent of Entropy (level 9, -2/68 HPs)
             Began as a Demonspawn Abyssal Knight on Nov 15, 2016.
             Was a Priest of Lugonu.
             Slain by a hog (9 damage)
             ... on level 7 of the Dungeon.
             The game lasted 00:12:21 (7668 turns).

Gargoyl the Agent of Entropy (DsAK)                 Turns: 7668, Time: 00:12:22

Health: -2/68      AC: 21    Str: 14 (15) XL:     9   Next: 21%
Magic:  14/14      EV:  5    Int: 13      God:    Lugonu [***...]
Gold:   119        SH:  0    Dex: 14      Spells: 0 memorised, 8 levels left

rFire  + . .     SeeInvis .     g - +2 hand axe (flame)
rCold  + . .     Gourm    .     e - +0 plate armour
rNeg   . . .     Faith    .     (no shield)
rPois  .         Spirit   .     (no helmet)
rElec  .         Reflect  .     q - +1 cloak
rCorr  +         Harm     .     t - +0 pair of gloves
MR     .....                    r - +0 pair of boots {Fly}
Stlth  ..........               (no amulet)
                                (no ring)
                                s - ring of resist corrosion

@: flying
A: talons 1, molten scales 3, cold resistance 1
a: Depart the Abyss, Bend Space, Banish, Renounce Religion, Stop Flying


You were on level 7 of the Dungeon.
You worshipped Lugonu.
Lugonu was most pleased with you.
You were not hungry.

You visited 1 branch of the dungeon, and saw 7 of its levels.
You visited the Abyss 1 time.

You collected 291 gold pieces.
You spent 172 gold pieces at shops.

Inventory:

Hand Weapons
 a - a +1 hand axe
 g - a +2 hand axe of flaming (weapon)
Missiles
 u - 5 tomahawks (quivered)
Armour
 e - a +0 plate armour (worn)
 q - a +1 cloak (worn)
 r - a +0 pair of boots of flying (worn)
 t - a +0 pair of gloves (worn)
Jewellery
 s - a ring of resist corrosion (left hand)
Wands
 d - a wand of lightning (6/15)
 f - a wand of digging (13/24)
 w - a wand of acid (9/15)
Scrolls
 i - a scroll of fear
 k - a scroll of amnesia
 n - 3 scrolls of noise
 o - 4 scrolls of remove curse
 p - 7 scrolls of identify
 x - a scroll of magic mapping
 A - a scroll of teleportation
Potions
 h - a potion of invisibility
 j - 2 potions of curing
Comestibles
 b - a beef jerky
 c - 2 bread rations
 l - 4 meat rations
 v - a slice of pizza
 z - 5 fruits


   Skills:
 + Level 5.1 Fighting
 + Level 6.7 Axes
 + Level 0.6 Throwing
 * Level 6.8 Armour
 + Level 1.8 Dodging
 * Level 7.2 Invocations
 + Level 0.6 Evocations


You had 8 spell levels left.
You didn't know any spells.

Dungeon Overview and Level Annotations

Branches:
Dungeon (7/15)             Temple (0/1) D:5

Altars:
Gozag

Shops:
D:5 [


Innate Abilities, Weirdness & Mutations

You have sharp toenails.
You are completely covered in molten scales. (AC +4, rF+)
Your flesh is cold resistant. (rC+)


Message History

You hit the hog but do no damage.
The hog bites you but does no damage. x2
The hog bites you.
Your plate armour prevents you from hitting the hog.
The hog is heavily wounded.
You hit the hog. You burn the hog. The hog bites you!
* * * LOW HITPOINT WARNING * * *
The hog bites you but does no damage. x2
Unknown command.
You hit the hog. You burn the hog.
The hog is severely wounded.
You hit the hog but do no damage. The hog bites you but does no damage.
The hog bites you.
* * * LOW HITPOINT WARNING * * *
Unknown command.
You barely miss the hog.
The hog is severely wounded.
You closely miss the hog. The hog bites you!
* * * LOW HITPOINT WARNING * * *
The hog bites you!
You die...

..#########.###.###.#
...............>....#
.###....###...#######
#....# #####%%#..#
#....# #%.#%.# #..).#
#..'..# #..))#####
#hY#..# #........#
#hh#..#
###......###@##
#...........#
#......#...##
.....#########
...#..# ...#..# ..
#... ##


You could see a yak and 3 hogs.

Vanquished Creatures
  Pikel (D:5)
  The ghost of humperndinck the Firebug, a novice TeFE of Vehumet (D:6)
  Sigmund (D:4)
  A human (D:7)
  Edmund (D:3)
  Duvessa (D:4)
  2 slaves (D:5)
  2 phantoms
  An ogre (D:4)
  3 bullfrogs
  Dowan (D:4)
  The ghost of AAAAA the Magician, a weakling OpWr (D:4)
  A bullfrog skeleton (D:4)
  Crazy Yiuf (D:5)
  4 orc wizards
  7 worker ants
  7 adders
  An ooze (D:4)
  An adder skeleton (D:6)
  4 worms
  A dart slug (D:3)
  4 leopard geckos
  20 orcs
  9 bats
  4 giant cockroaches
  2 goblins
  9 hobgoblins
  13 jackals
  3 quokkas
  A ball python (D:4)
  3 frilled lizards
  9 kobolds
  A leopard gecko zombie (D:5)
  9 rats
130 creatures vanquished.

Vanquished Creatures (others)
  A worker ant (D:4)
  An adder (D:5)
2 creatures vanquished.

Grand Total: 132 creatures vanquished

Notes
Turn   | Place    | Note
-------+----------+-------------------------------------------
     0 | Abyss:1  | Gargoyl the Demonspawn Abyssal Knight began the quest for the Orb.
     0 | Abyss:1  | Reached XP level 1. HP: 18/18 MP: 2/2
    62 | Abyss:3  | Noticed a raiju
    62 | D:1      | Escaped the Abyss
   177 | D:1      | Reached skill level 1 in Dodging
   239 | D:1      | Gained mutation: You are partially covered in molten scales. (AC +2) [demonic ancestry]
   239 | D:1      | Reached XP level 2. HP: 24/24 MP: 3/3
   269 | D:1      | Reached * piety under Lugonu
  1080 | D:2      | Reached XP level 3. HP: 29/29 MP: 5/5
  1722 | D:3      | Reached ** piety under Lugonu
  1773 | D:3      | Reached skill level 3 in Invocations
  1773 | D:3      | Gained mutation: You are mostly covered in molten scales. (AC +3) [demonic ancestry]
  1773 | D:3      | Reached XP level 4. HP: 10/37 MP: 6/6
  2470 | D:3      | You fall through a shaft for 2 floors!
  2470 | D:5      | Entered Level 5 of the Dungeon
  2624 | D:4      | Noticed an ogre
  3051 | D:3      | Gained mutation: Your flesh is cold resistant. (rC+) [demonic ancestry]
  3051 | D:3      | Reached XP level 5. HP: 24/42 MP: 7/7
  3274 | D:3      | Found an opulent altar of Gozag.
  3919 | D:4      | Noticed Edmund
  3977 | D:3      | Killed Edmund
  3977 | D:3      | Reached skill level 4 in Invocations
  3977 | D:3      | Gained mutation: You have sharp toenails. [demonic ancestry]
  3977 | D:3      | Reached XP level 6. HP: 28/48 MP: 7/9
  4255 | D:4      | Noticed AAAAA's ghost (weakling OpWr)
  4275 | D:4      | Noticed Dowan
  4277 | D:4      | Noticed Duvessa
  4298 | D:4      | Killed Duvessa
  4305 | D:4      | Killed Dowan
  4344 | D:4      | Reached XP level 7. HP: 8/54 MP: 10/10
  4367 | D:4      | Killed AAAAA's ghost
  4928 | D:4      | Reached skill level 5 in Invocations
  5265 | D:4      | Noticed Sigmund
  5291 | D:4      | Killed Sigmund
  5291 | D:4      | Reached skill level 5 in Axes
  5427 | D:4      | Reached skill level 5 in Armour
  5465 | D:4      | Reached *** piety under Lugonu
  5587 | D:5      | Noticed Pikel
  5605 | D:5      | Killed Pikel
  5605 | D:5      | Gained mutation: You are completely covered in molten scales. (AC +4, rF+) [demonic ancestry]
  5605 | D:5      | Reached XP level 8. HP: 31/61 MP: 12/12
  5874 | D:5      | Found a runed door.
  5957 | D:5      | Noticed Crazy Yiuf
  5959 | D:5      | Paralysed by Crazy Yiuf for 7 turns
  5968 | D:5      | Killed Crazy Yiuf
  5968 | D:5      | Reached skill level 6 in Invocations
  6190 | D:5      | Found Ziannack's Armour Shoppe.
  6200 | D:5      | Bought a +0 pair of boots of flying for 172 gold pieces
  6329 | D:5      | Found a staircase to the Ecumenical Temple.
  6670 | D:6      | Noticed humperndinck's ghost (novice TeFE)
  6716 | D:6      | Killed humperndinck's ghost
  6716 | D:6      | Reached skill level 5 in Fighting
  6716 | D:6      | Reached XP level 9. HP: 9/68 MP: 4/14
  7610 | D:7      | Reached skill level 7 in Invocations
  7668 | D:7      | Slain by a hog

Skill      XL: |  1  2  3  4  5  6  7  8  9 |
---------------+----------------------------+-----
Armour         | 2 3 4 5 6 |  6.8
Dodging        | 1 |  1.8
Axes           | 2 3 4 5 6 |  6.7
Invocations    | 3 4 5 6 7 |  7.2
Fighting       | 4 5 |  5.1
Throwing       | |  0.6
Evocations     | |  0.6

Action                   |  1- 3 |  4- 6 |  7- 9 || total
-------------------------+-------+-------+-------++-------
Melee: Hand axe          |   166 |   225 |   256 ||   647
       Kick              |       |    13 |    27 ||    40
Throw: Tomahawk          |       |     5 |       ||     5
Invok: Depart the Abyss  |     1 |       |       ||     1
       Banish            |       |       |     2 ||     2
Evoke: Wand              |       |       |     2 ||     2
  Use: Scroll            |     4 |     1 |    11 ||    16
       Potion            |       |     8 |     5 ||    13
  Eat: Chunk             |     3 |     4 |     2 ||     9
       Bread ration      |       |     1 |     2 ||     3
       Royal jelly       |       |       |     1 ||     1
Armor: Plate armour      |   220 |   215 |   263 ||   698
       Skin              |       |    47 |       ||    47
Dodge: Dodged            |    38 |    47 |    63 ||   148
